 Dungeon Crawl Stone Soup version 0.31-a0-325-g067879e3d3 (webtiles) character file.

Game seed: 15888462669476899759

21584 AiryTheDragon the Frost Mage (level 12, -3/80 HPs)
             Began as a White Draconian Ice Elementalist on July 15, 2023.
             Was an Elder of Hepliaklqana.
             Slain by an orc warrior
             ... wielding a +0 flail
              (21 damage)
             ... on level 2 of the Orcish Mines on July 19, 2023.
             The game lasted 03:12:25 (15284 turns).

AiryTheDragon the Frost Mage (DrIE)                Turns: 15284, Time: 03:12:26

Health: -3/80      AC: 24    Str: 11    XL:     12   Next: 55%
Magic:  12/24      EV: 13    Int: 22    God:    Hepliaklqana [****..]
Gold:   1334       SH:  5    Dex: 13    Spells: 4/27 levels left

rFire   . . .        T - +4 trident (venom)
rCold   + . .        (no shield)
rNeg    . . .        (body armour unavailable)
rPois   .            (helmet restricted)
rElec   +            r - +2 cloak
rCorr   +            i - +2 pair of gloves {Str+3}
SInv    .            (no boots)
Will    .....        l - amulet of reflection
Stlth   +++          F - ring of wizardry
HPRegen 0.33/turn    Z - ring of Zaucze {rElec rCorr Int+3 Dex-3}
MPRegen 0.19/turn

%: reflection, wizardry (x1)
@: brilliant, ice-armoured, about to teleport, on berserk cooldown, freezing
walls, hasted and slowed
A: reduced essence, breathe frost, AC +8, unfitting armour, cold resistance 1,
cold-blooded, beak, stinger 1, agile 1, weak 1, MP-powered wands
a: Breathe Frost, Renounce Religion, Recall Ancestor, Ancestor Identity,
Transference, Idealise


You were on level 2 of the Orcish Mines.
You worshipped Hepliaklqana.
Hepliaklqana was greatly pleased with you.
You visited 3 branches of the dungeon, and saw 15 of its levels.
You also visited: Sewer, Ossuary and Bailey.

You collected 1334 gold pieces.

Inventory:

Hand Weapons
 b - a +5 dagger of holy wrath
 q - a +5 quarterstaff of chaos
 s - a +4 trident of protection
 H - a +0 antimagic dagger
 J - a +5 hand axe
 K - a +2 war axe of distortion
 Q - a +3 trident of freezing
 T - a +4 trident of venom (weapon)
Missiles
 v - a silver boomerang
 w - 22 poisoned darts
 D - 4 boomerangs
 W - 3 javelins
Armour
 i - a +2 pair of gloves of strength (worn)
 r - a +2 cloak (worn)
 E - an orb of wrath
Magical Staves
 Y - a staff of cold
Jewellery
 l - an amulet of reflection (around neck)
 t - an amulet of regeneration
 F - a ring of wizardry (left hand)
 I - a +6 ring of intelligence
 O - a ring of see invisible
 S - a ring of flight
 Z - the ring of Zaucze (right hand) {rElec rCorr Int+3 Dex-3}
   (You found it on level 12 of the Dungeon)

   [ring of resist corrosion]

   Int:       It affects your intelligence (+3).
   Dex:       It affects your dexterity (-3).
   rElec:     It insulates you from electricity.
   rCorr:     It protects you from acid and corrosion.
Talismans
 n - a serpent talisman
 o - a talisman of death
 A - a beast talisman
Wands
 u - a wand of polymorph (8)
 x - a wand of paralysis (10)
 R - a wand of flame (12)
Scrolls
 c - a scroll of silence
 d - 7 scrolls of teleportation
 k - 5 scrolls of immolation
 y - a scroll of torment
 C - a scroll of butterflies {unknown}
 M - a scroll of enchant armour
 N - 3 scrolls of amnesia
 P - a scroll of poison {unknown}
 V - 2 scrolls of vulnerability
Potions
 f - a potion of ambrosia {unknown}
 g - 5 potions of curing
 h - 3 potions of brilliance
 j - a potion of enlightenment
 m - 2 potions of cancellation
 z - 4 potions of haste
 B - 2 potions of berserk rage
 G - 5 potions of might
 L - 4 potions of invisibility
 U - a potion of lignification
 X - a potion of mutation


   Skills:
 + Level 3.3 Fighting
 + Level 1.4 Short Blades
 + Level 3.1(3.5) Axes
 + Level 2.3(4.2) Polearms
 + Level 4.3(4.6) Staves
 + Level 2.4 Throwing
 + Level 4.3 Dodging
 + Level 4.2 Stealth
 + Level 2.8 Shields
 + Level 2.3 Unarmed Combat
 + Level 8.2 Spellcasting
 + Level 6.1 Summonings
 + Level 0.1 Translocations
 * Level 4.3 Transmutations
 + Level 10.4 Ice Magic
 * Level 5.2 Poison Magic
 * Level 5.7 Invocations
 * Level 3.0 Evocations
 * Level 7.3 Shapeshifting


You had 4 spell levels left.
You knew the following spells:

 Your Spells              Type           Power      Damage    Failure   Level
a - Freeze                Ice            100%       1d10      1%          1
b - Frozen Ramparts       Ice            100%       1d16      1%          3
c - Ozocubu's Armour      Ice            70%        N/A       1%          3
d - Summon Ice Beast      Ice/Summ       62%        N/A       1%          4
e - Call Canine Familiar  Summ           52%        N/A       1%          3
f - Eringya's Noxious Bo  Tmut/Pois      22%        4d6       50%         6
g - Gell's Gravitas       Tloc           14%        N/A       9%          3

Your spell library contained the following spells:

 Spells                   Type           Power      Damage    Failure   Level
 Summon Small Mammal      Summ           100%       N/A       1%          1
 Summon Guardian Golem    Hex/Summ       33%        N/A       2%          3
 Teleport Other           Tloc           14%        N/A       9%          3
 Passage of Golubria      Tloc           14%        N/A       26%         4
 Alistair's Intoxication  Tmut/Pois      30%        N/A       12%         5
 Borgnjor's Vile Clutch   Necr/Erth      6%         N/A       58%         5
 Silence                  Hex/Air        6%         N/A       58%         5
 Dispersal                Tloc           7%         N/A       98%         6
 Lehudib's Crystal Spear  Conj/Erth      6%         10d3      100%        8


Dungeon Overview and Level Annotations

Branches:
Dungeon (12/15)            Temple (1/1) D:7            Lair (0/5) D:11
    Orc (2/2) D:12            Elf (0/3) Orc:2         Sewer (visited)
Ossuary (visited)          Bailey (visited)

Altars:
Ashenzari
Cheibriados
Dithmenos
Elyvilon
Fedhas
Gozag
Hepliaklqana
Kikubaaqudgha
Makhleb
Nemelex Xobeh
Okawaru
Qazlal
Ru
Sif Muna
Trog
Uskayaw
Vehumet
Wu Jian
Xom
Yredelemnul
Zin
The Shining One

Shops:
D:6 *


Innate Abilities, Weirdness & Mutations

Your life essence is reduced to manifest your ancestor. (-10% HP)
You can breathe waves of freezing cold which knock back foes.
Your icy white scales are hard. (AC +8)
You cannot fit into any form of body armour.
Your flesh is cold resistant. (rC+)
You are cold-blooded and may be slowed by cold attacks.
You have a beak for a mouth.
Your tail ends in a venomous barb.
You are agile. (Dex +4, Str/Int -1)
You are weak. (Str -2)
You expend magic power (3 MP) to strengthen your wands.


Message History

The orc knight hits your ice beast with a +0 broad axe.
The orc warrior unwields a +0 orcbow.
The orc warrior wields a +0 short sword.
The orc warrior hits your ice beast with a +0 short sword!
Your ice beast dies!
Your ice beast disappears in a puff of smoke!
You puncture the orc knight!
You kill the orc knight!
The orc warrior hits you but does no damage.
An orc warrior comes into view. It is wielding a +3 orcbow.
Your Evocations skill increases to level 3!
You barely miss the orc warrior. Your peck misses the orc warrior.
You tail-slap the orc warrior.
The orc warrior looks as sick as possible!
The orc warrior is severely wounded.
You completely miss the orc warrior. You peck the orc warrior.
The orc warrior is almost dead.
You are no longer berserk.
You are exhausted.
You feel yourself slow down.
You kill the orc warrior!
The orc warrior misses you.
As you read the scroll of teleportation, it crumbles to dust.
You feel strangely unstable.
The orc warrior hits you with a +0 flail!
You block the orc warrior's attack.
The orc warrior unwields a +0 orcbow.
The orc warrior wields a +0 flail.
The orc warrior barely misses you.
The orc warrior hits you with a +0 short sword.
Casting: Call Canine Familiar (safe; 1% risk of failure)
Confirm with . or Enter, or press ? or * to list all spells.
Casting: Frozen Ramparts (safe; 1% risk of failure)
Press: ? - help, Dir - look around, f - activate You feel a surge of power!
The walls around you are covered in ice.
The wall freezes the orc warrior!
The orc warrior hits you from afar with a +0 glaive!
* * * LOW HITPOINT WARNING * * *
The wall freezes the orc warrior!
The orc warrior hits you with a +0 flail!!
You die...

..... #........
.....(..#........
.................
≈≈......#........
≈≈≈....)#.........
o.)....oo..........
o......)ooo..........
≈≈≈.....#@...........
≈≈......#............
.....o.))..............
........#..............
.......##..#..............
..##..##..................
. ........................
...........#.............
##........##.............


You could see 5 orc warriors.

Vanquished Creatures
  A deep elf pyromancer (D:12)
  3 orc knights
  A manticore (D:12)
  An ugly thing (D:11)
  A cyclops (shapeshifter) (D:10)
  A troll (D:12)
  A hornet (D:7)
  Grinder (Sewer)
  Sigmund (D:4)
  A nameless horror (D:6)
  A wraith (D:10)
  11 yaks
  A wyvern (D:8)
  A vampire mosquito (D:10)
  A warg (Orc:1)
  A water moccasin (D:6)
  Duvessa (D:4)
  3 acid dragons
  21 orc warriors
  2 ice beasts
  An ogre (D:5)
  6 centaurs
  2 phantoms
  3 kobold brigands
  A necrophage (Sewer)
  3 bullfrogs
  2 scorpions
  7 wights
  Dowan (D:4)
  9 killer bees
  3 howler monkeys
  4 hounds
  A gnoll bouda (D:7)
  Crazy Yiuf (D:4)
  A centaur zombie (Ossuary)
  3 jellies
  5 orc priests
  A sleepcap (D:6)
  4 iguanas
  13 orc wizards
  2 mummies (Ossuary)
  13 gnolls
  8 adders
  A river rat (D:6)
  A shadow imp (Sewer)
  4 white imps
  5 ufetubi
  A worm zombie (D:7)
  An adder zombie (Sewer)
  4 worms
  2 dart slugs (D:2)
  63 orcs
  A bat zombie (Sewer)
  5 endoplasms
  6 giant cockroaches
  A gnoll zombie (Ossuary)
  7 goblins
  5 hobgoblins
  7 jackals
  A quokka (D:3)
  8 ball pythons
  6 bats
  3 frilled lizards
  A goblin zombie (Ossuary)
  2 hobgoblin zombies (Ossuary)
  30 kobolds
  2 kobold zombies
  2 orc zombies (Ossuary)
  2 rats
  A spectral orc (D:6)
321 creatures vanquished.

Vanquished Creatures (collateral kills)
  A boulder beetle (D:11)
  2 orc knights
  A cyclops (D:12)
  A manticore (D:12)
  A gargoyle (D:11)
  A kobold demonologist (D:12)
  Maggie (D:8)
  2 komodo dragons
  2 trolls
  3 shadows
  12 yaks
  A steam dragon (D:8)
  5 vampire mosquitoes (D:10)
  A warg (Orc:1)
  2 acid dragons (D:11)
  9 orc warriors
  2 sky beasts
  An ogre (D:5)
  3 centaurs
  8 wights
  3 howler monkeys
  2 hounds (D:5)
  6 orc priests
  A gnoll bouda (D:9)
  An iguana (D:7)
  4 orc wizards
  A mummy (Ossuary)
  5 gnolls
  2 adders (D:5)
  19 orcs
  2 goblins (D:10)
  2 kobolds
107 creatures vanquished.

Vanquished Creatures (others)
  4 knights
  7 ancestors
  A giant cockroach zombie (Sewer)
12 creatures vanquished.

Grand Total: 440 creatures vanquished

Notes
Turn   | Place    | Note
-------+----------+-------------------------------------------
     0 | D:1      | AiryTheDragon the Draconian Ice Elementalist began the
                  | quest for the Orb.
     0 | D:1      | Reached XP level 1. HP: 14/14 MP: 3/3
     9 | D:1      | You fall into a shaft and drop 1 floor!
    15 | D:2      | Found a bloodstained altar of Trog.
    77 | D:1      | Noticed a bullfrog
   241 | D:1      | Reached XP level 2. HP: 20/20 MP: 5/5
   787 | D:2      | Reached XP level 3. HP: 27/27 MP: 2/6
   901 | D:2      | Learned a level 3 spell: Frozen Ramparts
  1142 | D:2      | Reached skill level 1 in Axes
  1595 | D:3      | Reached XP level 4. HP: 34/34 MP: 3/7
  1799 | D:3      | Learned a level 3 spell: Ozocubu's Armour
  2133 | D:4      | Noticed Dowan
  2137 | D:4      | Noticed Duvessa
  2146 | D:4      | Killed Dowan
  2147 | D:4      | Reached XP level 5. HP: 34/39 MP: 2/8
  2152 | D:4      | Killed Duvessa
  2153 | D:4      | Reached skill level 1 in Fighting
  2153 | D:4      | Reached skill level 1 in Shapeshifting
  2406 | D:4      | Reached XP level 6. HP: 47/47 MP: 4/10
  2518 | D:4      | Learned a level 4 spell: Summon Ice Beast
  2597 | D:4      | Reached skill level 5 in Ice Magic
  2839 | D:4      | Found a runed translucent door.
  2840 | D:4      | Noticed Crazy Yiuf
  2850 | D:4      | Killed Crazy Yiuf
  2909 | D:4      | Noticed Sigmund
  2916 | D:4      | Killed Sigmund
  2917 | D:4      | Your scales start taking on an icy white colour.
  2917 | D:4      | Reached skill level 6 in Ice Magic
  2917 | D:4      | Reached XP level 7. HP: 52/52 MP: 5/12
  2917 | D:4      | Gained mutation: Your flesh is cold resistant. (rC+) [White
                  | Draconian growth]
  3182 | D:5      | Entered Level 5 of the Dungeon
  3229 | D:5      | Reached skill level 1 in Staves
  3302 | D:5      | Reached skill level 1 in Summonings
  3311 | D:5      | Found a bloodstained altar of Trog.
  3481 | D:5      | Found a runed translucent door.
  3577 | D:5      | Reached XP level 8. HP: 50/59 MP: 4/14
  3587 | D:5      | Reached skill level 7 in Ice Magic
  3709 | D:5      | Learned a level 3 spell: Call Canine Familiar
  3742 | D:5      | Reached skill level 1 in Throwing
  3901 | D:5      | Paralysed by an orc warrior for 3 turns
  4457 | D:5      | Found a blossoming altar of Fedhas.
  4573 | D:5      | Identified the +3 leather armour of Anarchy {Int+4}
  4763 | D:6      | Found Noas's Assorted Antiques.
  4783 | D:6      | Reached XP level 9. HP: 68/68 MP: 12/16
  4825 | D:6      | Reached skill level 5 in Spellcasting
  4943 | D:6      | Noticed a nameless horror
  4953 | D:6      | Killed a nameless horror
  5095 | D:6      | Found a hazy altar of Hepliaklqana.
  5159 | D:6      | Reached skill level 8 in Ice Magic
  5188 | D:6      | Became a worshipper of Hepliaklqana the Forgotten
  5265 | D:6      | Found an ornate altar of the Wu Jian Council.
  5329 | D:6      | Found a glowing drain.
  5352 | Sewer    | Entered a sewer
  5513 | Sewer    | Found an ancient bone altar of Kikubaaqudgha.
  5634 | Sewer    | Noticed Grinder
  5656 | Sewer    | Paralysed by Grinder for 4 turns
  5669 | Sewer    | Killed Grinder
  6391 | D:7      | Reached * piety under Hepliaklqana
  6402 | D:7      | Reached skill level 1 in Shields
  6449 | D:7      | Found a sand-covered staircase.
  6458 | D:7      | Paralysed by a hornet for 1 turns
  6482 | Ossuary  | Entered an ossuary
  6699 | Ossuary  | Reached skill level 5 in Shapeshifting
  6761 | D:7      | Reached skill level 1 in Short Blades
  6766 | D:7      | Reached XP level 10. HP: 69/69 MP: 12/18
  7777 | D:7      | Found a staircase to the Ecumenical Temple.
  7791 | D:7      | Gained mutation: Your mind is acute. (Int +4, Str/Dex -1)
                  | [potion of mutation]
  7791 | D:7      | Gained mutation: You occasionally lose the ability to drink
                  | potions when taking damage. [potion of mutation]
  7801 | D:7      | Lost mutation: You occasionally lose the ability to drink
                  | potions when taking damage. [potion of mutation]
  7801 | D:7      | Lost mutation: Your mind is acute. (Int +4, Str/Dex -1)
                  | [potion of mutation]
  7801 | D:7      | Gained mutation: You are somewhat resistant to further
                  | mutation. [potion of mutation]
  7801 | D:7      | Gained mutation: You are covered in fur. (AC +1) [potion of
                  | mutation]
  7807 | Temple   | Entered the Ecumenical Temple
  8235 | D:8      | Reached skill level 9 in Ice Magic
  8306 | D:8      | Noticed Maggie
  8313 | D:8      | Killed Maggie
  8665 | D:8      | Reached skill level 1 in Unarmed Combat
  8677 | D:8      | Reached skill level 5 in Summonings
  8907 | D:8      | Upgraded the game from 0.31-a0-271-gb88eb75e06 to
                  | 0.31-a0-325-g067879e3d3
  9138 | D:9      | Reached skill level 1 in Invocations
  9792 | D:9      | Reached ** piety under Hepliaklqana
  9868 | D:9      | Found a shimmering altar of Xom.
  9869 | D:9      | Remembered your ancestor Rabi as a knight
  9910 | D:9      | Learned a level 6 spell: Eringya's Noxious Bog
  9919 | D:9      | Found an ancient bone altar of Kikubaaqudgha.
  9942 | D:9      | Found a radiant altar of Vehumet.
  9994 | D:9      | Found a burning altar of Makhleb.
 10061 | D:9      | Reached XP level 11. HP: 73/73 MP: 8/21
 10335 | D:10     | Entered Level 10 of the Dungeon
 10517 | D:10     | Reached skill level 1 in Transmutations
 10519 | D:10     | Reached skill level 1 in Poison Magic
 10591 | D:10     | Found a flagged portal.
 10661 | D:10     | Learned a level 3 spell: Gell's Gravitas
 10665 | Bailey   | Entered a bailey
 11063 | Bailey   | Noticed an orc knight
 11063 | Bailey   | Noticed an orc knight
 11074 | Bailey   | Lost mutation: You are somewhat resistant to further
                  | mutation. [potion of mutation]
 11074 | Bailey   | Lost mutation: You are covered in fur. (AC +1) [potion of
                  | mutation]
 11074 | Bailey   | Gained mutation: You sometimes lose your temper in combat.
                  | [potion of mutation]
 11074 | Bailey   | Gained mutation: You occasionally lose the ability to drink
                  | potions when taking damage. [potion of mutation]
 11074 | Bailey   | Gained mutation: You have hidden genetic potential. [potion
                  | of mutation]
 11074 | Bailey   | Gained mutation: You have a beak for a mouth. [potion of
                  | mutation]
 11074 | Bailey   | Killed an orc knight
 11075 | Bailey   | Reached skill level 1 in Polearms
 11075 | Bailey   | Lost mutation: You sometimes lose your temper in combat.
                  | [potion of mutation]
 11075 | Bailey   | Lost mutation: You occasionally lose the ability to drink
                  | potions when taking damage. [potion of mutation]
 11075 | Bailey   | Lost mutation: You have hidden genetic potential. [potion
                  | of mutation]
 11075 | Bailey   | Gained mutation: You expend magic power (3 MP) to
                  | strengthen your wands. [potion of mutation]
 11075 | Bailey   | Gained mutation: You are agile. (Dex +4, Str/Int -1)
                  | [potion of mutation]
 11075 | Bailey   | Gained mutation: Your tail ends in a venomous barb. [potion
                  | of mutation]
 11090 | Bailey   | Killed an orc knight
 11373 | D:10     | Reached *** piety under Hepliaklqana
 11596 | D:10     | Reached skill level 10 in Ice Magic
 12148 | D:11     | Noticed a green ugly thing
 12155 | D:11     | Killed a green ugly thing
 12275 | D:11     | Found a staircase to the Lair.
 12284 | D:11     | Noticed a boulder beetle
 12326 | D:11     | Killed a boulder beetle
 12327 | D:11     | Reached skill level 1 in Evocations
 12654 | D:11     | Reached XP level 12. HP: 43/80 MP: 6/23
 13455 | D:12     | Reached skill level 5 in Invocations
 13526 | D:12     | Found a staircase to the Orcish Mines.
 13631 | D:12     | Identified the ring of Zaucze {rElec rCorr Int+3 Dex-3}
 13817 | D:12     | Reached **** piety under Hepliaklqana
 14175 | D:12     | Gained mutation: You are weak. (Str -2) [a neqoxec]
 14477 | Orc:1    | Entered Level 1 of the Orcish Mines
 14915 | Orc:1    | Reached skill level 5 in Poison Magic
 15076 | Orc:2    | Entered Level 2 of the Orcish Mines
 15085 | Orc:2    | Found a radiant altar of Vehumet.
 15098 | Orc:2    | Found a staircase to the Elven Halls.
 15284 | Orc:2    | Slain by an orc warrior

Illustrated notes

Levels and vault maps discovered:
D:1:      evilmike_arrival_come_back, layout_rooms
D:2:      layout_basic, basic_altar, minmay_pentomino_t4
D:3:      layout_rooms
D:4:      layout_loops_ring, uniq_sigmund, uniq_duvessa, uniq_crazy_yiuf_cottage
D:5:      minmay_spotlight, layout_rooms, fedhas_altar_2, kennysheep_mini_moat,
          lightli_church_of_beogh
D:6:      layout_basic, nicolae_hepliaklqana_monster_ancestors,
          nicolae_wu_jian_wuxing_cycle, cheibrodos_sewer_entry_sluice,
          serial_shops, shop
D:7:      minmay_skewed_foursquare, layout_layer_cave, minmay_temple_entry_grid,
          enter_ossuary_3
D:8:      layout_basic, uniq_maggie
D:9:      layout_basic, nicolae_overflow_quartered_altars
D:10:     layout_stronghold, enter_bailey_5, nrook_loot_triangle
D:11:     minmay_stone_box, layout_cave_pools, lair_entry_dummy
D:12:     layout_stronghold, minmay_orc_entry_temple_small
Temple:   eino_temple_water
Orc:1:    layout_caves
Orc:2:    st_orc_rangers, layout_diamond_mine, serial_shops, shop, basic_altar,
          uniq_urug

Skill      XL: |  1  2  3  4  5  6  7  8  9 10 11 12 |
---------------+-------------------------------------+-----
Dodging        | 2 3 4 |  4.3
Axes           | 1 2 3 |  3.1
Stealth        | 2 3 4 |  4.2
Fighting       | 1 2 3 |  3.3
Shapeshifting  | 1 2 3 5 6 7 |  7.3
Spellcasting   | 3 4 5 7 8 |  8.2
Ice Magic      | 6 7 8 9 10 | 10.4
Staves         | 2 3 4 |  4.3
Summonings     | 2 3 4 5 6 |  6.1
Throwing       | 1 2 |  2.4
Shields        | 2 |  2.8
Short Blades   | 1 |  1.4
Unarmed Combat | 2 |  2.3
Invocations    | 2 4 5 |  5.7
Transmutations | 3 4 |  4.3
Poison Magic   | 3 5 |  5.2
Polearms       | 1 2 |  2.3
Evocations     | 1 3 |  3.0
Translocations | |  0.1

Action                     |  1- 3 |  4- 6 |  7- 9 | 10-12 || total
---------------------------+-------+-------+-------+-------++-------
  Melee: Hand axe          |    91 |    56 |       |       ||   147
         Tailslap          |     6 |     7 |    26 |    26 ||    65
         Punch             |     1 |     2 |       |     3 ||     6
         Quarterstaff      |       |     2 |   131 |       ||   133
         Dagger            |       |       |    77 |    22 ||    99
         Unarmed           |       |       |       |    91 ||    91
         Constrict         |       |       |       |    30 ||    30
         Trident           |       |       |       |   166 ||   166
         Peck              |       |       |       |    23 ||    23
  Throw: Dart              |     5 |     1 |    20 |     8 ||    34
         Throwing net      |       |     1 |       |       ||     1
         Boomerang         |       |       |    12 |       ||    12
         Javelin           |       |       |       |     3 ||     3
   Cast: Freeze            |    16 |       |     7 |       ||    23
         Frozen Ramparts   |     4 |    12 |    45 |    61 ||   122
         Ozocubu's Armour  |       |     3 |    14 |    21 ||    38
         Summon Ice Beast  |       |       |    11 |    41 ||    52
         Call Canine Famil |       |       |     3 |    33 ||    36
         Gell's Gravitas   |       |       |       |     1 ||     1
         Eringya's Noxious |       |       |       |     1 ||     1
 Invoke: Recall Ancestor   |       |       |       |     2 ||     2
         Ancestor Life: Kn |       |       |       |     1 ||     1
         Ancestor Identity |       |       |       |     1 ||     1
         Transference      |       |       |       |     2 ||     2
         Idealise          |       |       |       |     2 ||     2
Ability: Breathe Frost     |       |       |     6 |    11 ||    17
    Use: Scroll            |       |     3 |     7 |    18 ||    28
         Potion            |       |     1 |     2 |    13 ||    16
   Stab: Sleeping          |     2 |     3 |     1 |     5 ||    11
         Confused          |       |       |     2 |       ||     2
         Distracted        |       |       |       |     2 ||     2
 Armour: Skin              |    45 |    19 |    64 |    96 ||   224
  Dodge: Dodged            |    67 |    39 |   109 |   155 ||   370
  Block: Other             |       |       |    44 |    76 ||   120
         Reflection        |       |       |     5 |    15 ||    20
         Form:             |       |       |     3 |     3 ||     6
         Anaconda          |       |       |     3 |     3 ||     6
         Beast             |       |       |     2 |     2 ||     4

Table legend: (Time is in decaauts)
 A = Elapsed time spent in this place.
 B = Non-inter-level travel time spent in this place.
 C = Inter-level travel time spent in this place.
 D = Time resting spent in this place.
 E = Time spent auto-exploring this place.
 F = Levels seen in this place.
 G = Mean time per level.
                   A        B        C        D        E       F      G
               +--------+--------+--------+--------+--------+-----+--------+
         Total |  15368 |  14794 |    574 |    934 |  10427 |  18 |  853.8 |
       Dungeon |  13118 |  12558 |    560 |    924 |   8895 |  12 | 1093.2 |
        Temple |    224 |    210 |     14 |      0 |    199 |   1 |  224.0 |
  Orcish Mines |    806 |    806 |      0 |      0 |    618 |   2 |  403.0 |
         Sewer |    510 |    510 |      0 |      0 |    270 |   1 |  510.0 |
       Ossuary |    258 |    258 |      0 |     10 |    150 |   1 |  258.0 |
        Bailey |    449 |    449 |      0 |      0 |    295 |   1 |  449.0 |
               +--------+--------+--------+--------+--------+-----+--------+

Top non-repeatable levels by time:
     D:5: 1529 daAuts
    D:12: 1450 daAuts
    D:10: 1372 daAuts
     D:7: 1360 daAuts
     D:9: 1201 daAuts
     D:4: 1141 daAuts
     D:6: 1113 daAuts
     D:8: 982 daAuts
     D:2: 960 daAuts
    D:11: 881 daAuts
     D:1: 655 daAuts
   Orc:1: 601 daAuts
   Sewer: 510 daAuts
     D:3: 469 daAuts
  Bailey: 449 daAuts
